AoeStats
← timmy_turner

Arabian Desert

510197502Analyzed
1v1 RM · 4d ago on Sep 29, 2026· 23m 52s· 2 players
Game mode
Random Map
Map size
Tiny (2 player)
Population
200
Speed
Normal
Resources
Standard
Victory
Conquest
Starting age
Dark Age
Ending age
Imperial Age
RankedLock teamsTeams togetherTeam positionsShared explorationLock speedFull tech treeHidden civsTurbo modeCheats
Victory
Defeat
🇺🇸 Huns · United States
1558
+15
🇧🇷 Varangians · Brazil
1547
-15
GAX | GGui
6:21 Loom
8:56 Feudal Age
9:28 Double-Bit Axe
10:01 Town Watch
10:42 Horse Collar
15:42 Bloodlines
16:42 Scale Barding Armor
21:09 Forging
24:35 Wheelbarrow
timmy_turner
6:49 Loom
9:09 Feudal Age
9:54 Double-Bit Axe
12:48 Town Watch
14:29 Fletching
16:43 Bloodlines
21:53 Castle Age
20:42 Scale Barding Armor
21:18 Forging
21:38 Horse Collar
21:54 Gold Mining
23:54 Husbandry
Connection lost

Rejoining the realm…

Still unreachable

The connection could not be restored.

Session expired

The server has moved on; the page needs a fresh start.